Map: Void Launch

Players

Araon

  • Race: Zerg Zerg
  • Spawn Location: 6:00

TrucEtrange

  • Race: Protoss Protoss
  • Spawn Location: 6:00

VOD

Have the link to the VOD?

Description

Time

  • Played on: March 13, 2023, 1:46 p.m.
  • Length: 25:29
Show
View Real Time Build Order
Export as new Build Order

Araon Zerg 

Build Orders:  

Get SALT Encoding   

  6  0:06  Drone x2  
  6  0:15  Drone x2  
  8  0:24  Drone x2  
  9  0:33  Extractor  
  9  0:37  Drone x2  
  8  0:46  Drone x2  
  10  1:10  Spawning Pool  
  10  1:14  Drone x2  
  11  1:25  Extractor  
  11  1:28  Overlord  
  10  1:44  Baneling Nest  
  10  1:49  Swarmling x8  
  14  1:54  Drone x2  
  15  2:15  Lair  
  15  2:27  Overlord  
  15  2:29  Drone x2  
  15  2:35  Drone x2  
  25  3:14  Hatchery  
  25  3:17  Drone x2, Extractor  
  28  3:27  Overlord  
  29  3:57  Drone x4  
  29  3:59  Extractor  
  37  4:18  Scourge Nest  
  38  4:29  Evolution Chamber  
  41  4:46  Centrifugal Hooks  
  43  4:58  Overlord x2  
  43  4:59  Overlord  
  43  5:27  Hatchery  
  42  5:32  Overlord x2  
  42  5:33  Overlord  
  42  6:08  Scourge x4  
  36  6:10  Zerg Flyer Weapons Level 1  
  36  6:24  Hive  
  36  6:25  Virulent Spores  
  38  6:34  Scourge x4  
  38  6:37  Simplified Genome  
  38  6:40  Drone x6  
  38  6:44  Drone x2  
  38  6:48  Rupture  
  44  6:59  Scourge x4  
  44  7:11  Scourge x4  
  44  7:14  Scourge  
  44  7:15  Scourge x3  
  44  7:18  Scourge x4  
  44  7:19  Drone x4  
  46  7:20  Drone x4  
  46  7:21  Scourge x3  
  46  7:22  Scourge  
  46  7:25  Scourge x4  
  46  7:28  Scourge x4  
  54  7:37  Unknown  
  54  7:39  Scourge x3  
  47  7:40  Scourge  
  62  7:55  Corrosive Acid  
  62  7:56  Scourge  
  62  7:57  Scourge x3  
  46  8:14  Scourge x4  
  48  8:30  Swarmling x16  
  48  8:31  Scourge x4  
  60  8:40  Drone x2  
  60  8:41  Drone x4  
  60  8:48  Scourge x4  
  48  9:02  Swarmling x8  
  48  9:03  Swarmling x12  
  48  9:05  Scourge x4, Overlord x2  
  48  9:08  Zerg Flyer Weapons Level 2  
  62  9:22  Scourge x3  
  62  9:23  Scourge  
  62  9:26  Hatchery  
  62  9:27  Hatchery  
  65  9:37  Drone x2  
  65  9:39  Scourge  
  59  9:40  Scourge x3  
  71  9:49  Hatchery  
  72  9:57  Scourge x4  
  75  10:14  Scourge x4  
  84  10:31  Scourge x4  
  83  10:48  Scourge x4  
  88  10:50  Overlord x2  
  88  10:51  Overlord x2  
  88  11:05  Scourge x4  
  86  11:16  Scourge x3  
  86  11:17  Scourge x3  
  86  11:18  Scourge x6  
  93  11:20  Swarmling x4  
  93  11:21  Swarmling x40  
  93  11:22  Scourge x4  
  92  11:39  Scourge x3  
  71  11:40  Scourge  
  82  11:56  Scourge  
  82  11:57  Scourge x3  
  84  12:14  Scourge x4  
  88  12:24  Swarmling x4  
  88  12:25  Swarmling x72  
  88  12:26  Swarmling x20  
  140  12:31  Scourge x4  
  138  12:48  Scourge x4, Unknown  
  136  13:05  Scourge x4  
  125  13:22  Scourge x4  
  125  13:25  Scourge x12  
  125  13:26  Scourge x3  
  125  13:27  Scourge x3  
  136  13:39  Scourge x4  
  133  13:56  Scourge x3  
  133  13:57  Scourge  
  125  14:06  Scourge x4  
  125  14:09  Scourge x4  
  123  14:12  Scourge x2  
  123  14:13  Scourge x2  
  123  14:16  Scourge x4  
  123  14:19  Scourge x4  
  131  14:23  Scourge x4  
  142  14:37  Scourge x4  
  150  14:40  Swarmling x4  
  118  14:54  Scourge x4  
  105  15:07  Unknown  
  93  15:11  Scourge x4  
  86  15:28  Scourge x4  
  86  15:35  Scourge x3  
  86  15:36  Scourge x18  
  86  15:37  Scourge x36  
  86  15:38  Scourge x3  
  86  15:39  Scourge x3  
  106  15:45  Scourge x3  
  106  15:46  Scourge  
  106  15:49  Scourge x3  
  92  15:50  Scourge x27  
  92  15:51  Scourge x9  
  102  16:02  Scourge  
  102  16:03  Scourge x3  
  98  16:11  Swarmling x4  
  98  16:12  Swarmling x40  
  120  16:20  Scourge x4  
  114  16:37  Scourge x4  
  115  16:54  Scourge x4  
  118  17:06  Scourge x3  
  118  17:07  Scourge x24, Swarmling x12  
  118  17:08  Scourge x42  
  140  17:11  Scourge x4  
  140  17:28  Scourge x4  
  137  17:45  Scourge x4  
  142  18:02  Scourge x3  
  142  18:03  Scourge  
  138  18:19  Scourge  
  111  18:20  Scourge x3  
  137  18:22  Swarmling x24  
  137  18:23  Swarmling x24  
  146  18:37  Scourge x4  
  129  18:45  Scourge  
  129  18:46  Scourge x3  
  129  18:49  Scourge x4  
  116  18:52  Scourge x3  
  116  18:53  Scourge  
  116  18:56  Scourge x4  
  116  18:59  Scourge x4  
  121  19:03  Scourge x4  
  127  19:17  Scourge x4  
  123  19:34  Scourge x4  
  91  19:51  Scourge x4  
  91  19:54  Swarmling x4  
  91  19:55  Swarmling x44  
  91  19:56  Swarmling x72  
  140  20:08  Scourge x2  
  140  20:09  Scourge x2  
  134  20:26  Scourge x4  
  139  20:43  Scourge x4  
  145  21:00  Scourge x4  
  145  21:17  Scourge x4  
  134  21:34  Scourge x4  
  123  21:51  Scourge x4  
  123  21:58  Scourge x9, Swarmling x8  
  123  21:59  Swarmling x12  
  123  22:01  Swarmling x20  
  123  22:02  Swarmling x8  
  123  22:08  Scourge x4  
  113  22:25  Scourge x2  
  113  22:26  Scourge x2  
  93  22:43  Scourge x4  
  93  22:48  Scourge x3  
  93  22:49  Scourge  
  97  22:52  Scourge x4  
  97  22:55  Scourge x4  
  97  22:59  Scourge x4  
  102  23:00  Swarmling x4  
  102  23:01  Swarmling x20  
  102  23:02  Scourge x4  
  102  23:06  Scourge x4  
  130  23:23  Scourge x4  
  110  23:40  Scourge x4  
  91  23:57  Scourge x21  
  91  23:58  Scourge x43  
  91  23:59  Scourge x12  
  116  24:14  Scourge  
  116  24:15  Scourge x3  
  116  24:19  Scourge x3  
  147  24:20  Scourge x24  
  117  24:32  Scourge x4  
  117  24:37  Scourge x3  
  117  24:38  Scourge x18  
  117  24:39  Scourge x3  
  74  24:49  Scourge x4  
  77  24:50  Scourge x3  
  77  24:51  Scourge x12  
  78  25:00  Scourge x12  
  78  25:06  Scourge x4  
Show
View Real Time Build Order
Export as new Build Order

TrucEtrange Protoss 

Build Orders:  

Get SALT Encoding   

  12  0:04  Probe (Chrono Boost)  
  13  0:47  Probe (Chrono Boost)  
  14  0:56  Pylon  
  14  0:57  Probe (Chrono Boost)  
  15  1:00  Assimilator  
  15  1:08  Assimilator  
  15  1:13  Probe (Chrono Boost)  
  15  1:16  Gateway  
  16  1:23  Probe (Chrono Boost)  
  17  1:32  Probe (Chrono Boost)  
  18  1:42  Probe (Chrono Boost)  
  19  1:52  Probe (Chrono Boost)  
  20  2:01  Probe (Chrono Boost)  
  21  2:11  Probe (Chrono Boost)  
  21  2:15  Pylon  
  22  2:21  Probe (Chrono Boost)  
  22  2:22  Cybernetics Core  
  23  2:30  Solar Efficiency Level 1  
  23  2:31  Probe (Chrono Boost)  
  24  2:43  Probe (Chrono Boost)  
  25  2:57  Probe (Chrono Boost)  
  27  3:12  Probe (Chrono Boost)  
  27  3:19  Twilight Council  
  27  3:24  Robotics Facility  
  27  3:33  Pylon  
  27  3:54  Solar Efficiency Level 2  
  27  4:30  Robotics Bay  
  27  4:37  Forge  
  27  5:01  Protoss Ground Weapons Level 1  
  27  5:13  Immortal  
  27  5:28  Shadow Cannon  
  27  5:29  Solar Flare  
  30  6:01  Immortal  
  34  6:15  Solar Efficiency Level 3  
  34  6:27  Probe (Chrono Boost)  
  35  6:55  Nexus  
  35  6:58  Assimilator  
  36  7:01  Assimilator  
  36  7:05  Probe (Chrono Boost)  
  36  7:14  Probe (Chrono Boost)  
  36  7:17  Probe (Chrono Boost)  
  37  7:20  Probe (Chrono Boost)  
  39  7:31  Probe (Chrono Boost)  
  39  7:37  Pylon  
  39  7:38  Pylon  
  40  7:40  Pylon x2  
  40  7:41  Pylon  
  40  7:42  Probe (Chrono Boost)  
  41  7:57  Probe (Chrono Boost)  
  43  8:12  Probe (Chrono Boost)  
  42  8:26  Protoss Ground Weapons Level 2  
  42  8:27  Probe (Chrono Boost)  
  44  8:41  Probe (Chrono Boost)  
  44  8:47  Probe (Chrono Boost)  
  45  8:56  Probe (Chrono Boost)  
  45  8:57  Probe (Chrono Boost)  
  47  9:03  Advanced Repair Systems  
  49  9:11  Immortal, Probe (Chrono Boost)  
  49  9:12  Probe (Chrono Boost)  
  53  9:26  Probe x2 (Chrono Boost)  
  57  9:40  Probe (Chrono Boost)  
  57  9:41  Probe (Chrono Boost)  
  57  9:53  Pylon  
  57  9:55  Probe (Chrono Boost), Pylon  
  57  9:59  Immortal  
  58  10:00  Pylon  
  58  10:04  Pylon  
  62  10:18  Phase Detonation  
  62  10:33  Unknown  
  58  10:42  Protoss Ground Weapons Level 3  
  58  10:47  Immortal  
  62  11:30  Robotics Facility  
  62  11:31  Robotics Facility  
  62  11:34  Immortal  
  66  12:22  Immortal  
  70  12:30  Immortal x2  
  78  13:06  Protoss Ground Armor Level 1  
  78  13:10  Immortal  
  78  13:17  Immortal  
  78  13:18  Immortal  
  82  13:28  Immortal  
  82  13:29  Immortal  
  90  13:30  Immortal  
  90  13:38  Immortal  
  90  13:39  Immortal x2  
  91  13:51  Probe x2 (Chrono Boost)  
  86  14:05  Probe (Chrono Boost)  
  86  14:06  Probe (Chrono Boost)  
  86  14:09  Probe x2 (Chrono Boost)  
  90  14:12  Probe x2 (Chrono Boost)  
  90  14:13  Immortal  
  90  14:15  Probe x2 (Chrono Boost)  
  90  14:18  Probe x2 (Chrono Boost)  
  112  15:28  Immortal  
  112  15:29  Immortal x2  
  124  15:50  Pylon  
  124  15:53  Pylon  
  124  15:55  Pylon x2  
  124  15:56  Pylon  
  124  15:59  Pylon  
  120  16:16  Immortal  
  120  16:17  Immortal x2  
  73  18:01  Immortal x2  
  73  18:02  Immortal  
  68  18:10  Immortal x2  
  68  18:12  Immortal  
  67  18:20  Immortal x2  
  67  18:25  Immortal, Probe (Chrono Boost)  
  68  18:36  Pylon  
  68  18:39  Pylon  
  65  18:40  Probe (Chrono Boost)  
  65  18:47  Pylon  
  65  18:48  Probe (Chrono Boost)  
  65  18:51  Protoss Ground Armor Level 2, Probe (Chrono Boost)  
  65  18:52  Pylon  
  65  18:54  Probe (Chrono Boost)  
  79  19:05  Immortal x2  
  92  19:13  Immortal  
  104  19:53  Immortal x2  
  104  20:01  Immortal  
  116  20:40  Immortal  
  116  20:41  Immortal  
  116  20:49  Immortal  
  128  21:26  Protoss Ground Armor Level 3  
  128  21:28  Immortal  
  128  21:29  Immortal  
  128  21:36  Immortal  
  136  22:05  Immortal x2  
  136  22:07  Immortal  
  136  22:15  Immortal x2  
  136  22:16  Immortal  
  136  22:32  Immortal x2  
  140  22:40  Immortal  
  148  23:19  Immortal  
  156  23:20  Immortal  
  156  23:27  Immortal  
  156  23:52  Pylon  
  156  23:54  Pylon  
  156  23:56  Pylon  
  156  23:57  Pylon  
  152  24:02  Pylon  
  152  24:07  Immortal  
  152  24:08  Immortal  
  144  24:15  Immortal  
Tags
 
Commander
KaraxZagara
Matchup
Co-op
Add a new tag
Caveats
  • Supply blocks, unpowered buildings, or Contaminate may cause inaccurate times.
  • Supply counts are checked every 10 seconds.